 Dungeon Crawl Stone Soup version 0.25.0-11-g1f837a76a1 (webtiles) character file.

Game seed: 13285416090188962560

2332 funkygono the Basher (level 9, -9/75 HPs)
             Began as a Minotaur Fighter on June 28, 2020.
             Was a Believer of Okawaru.
             Mangled by an orc warrior
             ... wielding a +0 war axe
              (16 damage)
             ... in a bailey.
             The game lasted 00:12:16 (7456 turns).

funkygono the Basher (Minotaur Fighter)             Turns: 7456, Time: 00:12:16

Health: -9/75      AC: 16    Str: 30    XL:     9   Next: 19%
Magic:  8/8        EV:  9    Int:  5    God:    Okawaru [**....]
Gold:   551        SH: 12    Dex: 10    Spells: 8/8 levels left

rFire    . . .     SeeInvis .   B - +3 whip (flame)
rCold    . . .     Gourm    .   c - +1 kite shield
rNeg     . . .     Faith    .   g - +3 chain mail
rPois    .         Spirit   .   (helmet restricted)
rElec    .         Reflect  .   w - +0 cloak
rCorr    .         Harm     .   (no gloves)
MR       .....                  C - +0 pair of boots
Stlth    ..........             (no amulet)
HPRegen  0.22/turn              k - +6 ring of strength
MPRegen  0.11/turn              (no ring)

@: no status effects
A: retaliatory headbutt, horns 2
a: Heroism, Renounce Religion


You were in a bailey.
You worshipped Okawaru.
Okawaru was pleased with you.
You were not hungry.

You visited 2 branches of the dungeon, and saw 8 of its levels.
You also visited: Bailey.

You collected 551 gold pieces.

Inventory:

Hand Weapons
 a - a +0 flail
 r - a +1 flail of holy wrath
 B - a +3 whip of flaming (weapon)
Missiles
 t - 37 bolts
Armour
 b - a +0 scale mail
 c - a +1 kite shield (worn)
 g - a +3 chain mail (worn)
 w - a +0 cloak (worn)
 C - a +0 pair of boots (worn)
Jewellery
 k - a +6 ring of strength (left hand)
Wands
 x - a wand of polymorph (6)
Scrolls
 e - a scroll of amnesia
 h - 2 scrolls of blinking
 j - a scroll of identify
 o - 3 scrolls of teleportation
 v - a scroll of fog
 z - 6 scrolls of remove curse
 A - 2 scrolls of magic mapping
Potions
 d - 3 potions of might
 i - 6 potions of curing
 l - 3 potions of invisibility
 m - 3 potions of resistance
 n - a potion of lignification
 p - 4 potions of heal wounds
 q - 4 potions of haste
 s - a potion of berserk rage
 u - 2 potions of flight
Comestibles
 f - 14 rations


   Skills:
 + Level 5.8 Fighting
 + Level 8.9 Maces & Flails
 + Level 8.1 Armour
 + Level 4.2 Dodging
 + Level 1.3 Stealth
 + Level 7.0 Shields
 + Level 1.4 Unarmed Combat
 + Level 0.5 Evocations


You had 8 spell levels left.
You didn't know any spells.
Your spell library contained the following spells:

 Spells                   Type           Power        Failure   Level  Hunger
 Beastly Appendage        Tmut           #.....       99%         1    ##.....
 Shock                    Conj/Air       #...         99%         1    ##.....
 Summon Small Mammal      Summ           #...         99%         1    ##.....
 Call Imp                 Summ           #.......     100%        2    ###....
 Sticks to Snakes         Tmut           #.......     100%        2    ###....
 Swiftness                Chrm/Air       #.......     100%        2    ###....
 Call Canine Familiar     Summ           #.......     100%        3    ####...
 Spider Form              Tmut/Pois      #.........   100%        3    ####...
 Static Discharge         Conj/Air       #.......     100%        3    ####...
 Summon Guardian Golem    Hex/Summ       #.......     100%        3    ####...
 Airstrike                Air            #.........   100%        4    #####..
 Ice Form                 Ice/Tmut       #.......     100%        4    #####..
 Summon Ice Beast         Ice/Summ       #.......     100%        4    #####..
 Summon Lightning Spire   Summ/Air       #.......     100%        4    #####..
 Blade Hands              Tmut           #.........   100%        5    ######.
 Lightning Bolt           Conj/Air       #.........   100%        5    ######.


Dungeon Overview and Level Annotations

Branches:
Dungeon (7/15)             Temple (1/1) D:4          Bailey (1/1)

Altars:
Ashenzari
Cheibriados
Dithmenos
Elyvilon
Fedhas
Gozag
Hepliaklqana
Kikubaaqudgha
Makhleb
Nemelex Xobeh
Okawaru
Qazlal
Ru
Sif Muna
Trog
Wu Jian
Xom
Yredelemnul
Zin
The Shining One


Innate Abilities, Weirdness & Mutations

You reflexively headbutt those who attack you in melee.
You have a pair of horns on your head.


Message History

Your headbutt misses the orc warrior.
The orc warrior is severely wounded.
The orc warrior sings a few bars from the Orcish anthem.
You block the orc warrior's attack.
You completely miss the goblin. You headbutt the goblin.
You kill the goblin!
Okawaru accepts your kill.
The orc returns to its original shape as it dies.
You block the orc's attack.
The orc warrior hits you with a +0 war axe!!
The orc knight hits you with a +0 trident!
The orc barely misses you. The orc hits you but does no damage.
You see here an orc corpse.
The orc knight hits you from afar with a +0 trident!!
* * * LOW HITPOINT WARNING * * *
You block the orc warrior's attack.
You hit the orc. You burn the orc.
The orc is moderately wounded.
The orc warrior hits you with a +0 war axe!
You die...

#### ####### .....
########.....## #
......#o....#.......######
....)oooo@o.'.......#))).#
...%..'..oo.'......)'.)))'
......%..o..'.......#))).#
.)....#.....#.......######
.....#########.....## #
##### #######


You could see 2 orc knights, 4 orc warriors and 3 orcs.

Vanquished Creatures
  Pikel (D:5)
  A centaur skeleton (D:6)
  Menkaure (D:5)
  An ice beast (D:5)
  2 orc warriors (Bailey)
  A slave (D:5)
  A necrophage (D:6)
  A phantom (D:4)
  An ogre (D:4)
  3 bullfrogs (D:6)
  A wyvern skeleton (D:6)
  2 scorpions
  A howler monkey (D:5)
  A crimson imp (D:5)
  A bullfrog zombie (D:6)
  Crazy Yiuf (D:5)
  A hound (D:3)
  Jessica (D:3)
  2 orc wizards
  A worker ant (D:4)
  Terence (D:3)
  A hound skeleton (D:5)
  7 gnolls
  A howler monkey skeleton (D:6)
  4 adders
  A shadow imp (D:3)
  An ooze (D:2)
  2 worms
  An adder skeleton (D:4)
  2 dart slugs (D:1)
  A leopard gecko (D:2)
  31 orcs
  8 giant cockroaches
  10 goblins
  6 hobgoblins
  13 jackals
  3 kobolds
  3 quokkas
  10 bats
  A frilled lizard (D:4)
  A quokka skeleton (D:4)
  9 rats
142 creatures vanquished.

Notes
Turn   | Place    | Note
-------+----------+-------------------------------------------
     0 | D:1      | funkygono the Minotaur Fighter began the quest for the Orb.
     0 | D:1      | Reached XP level 1. HP: 19/19 MP: 0/0
   189 | D:1      | Reached XP level 2. HP: 27/27 MP: 1/1
   571 | D:1      | Reached XP level 3. HP: 33/33 MP: 2/2
  1996 | D:3      | Reached XP level 4. HP: 36/40 MP: 3/3
  1996 | D:3      | Noticed Terence
  2017 | D:3      | Killed Terence
  2178 | D:3      | Reached XP level 5. HP: 37/47 MP: 4/4
  2303 | D:3      | Noticed Jessica
  2320 | D:3      | Killed Jessica
  2320 | D:3      | Reached skill level 1 in Dodging
  2550 | D:3      | Found a burning altar of Makhleb.
  2727 | D:3      | You fall into a shaft and drop 3 floors!
  3092 | D:5      | Entered Level 5 of the Dungeon
  3107 | D:5      | Noticed an ice beast
  3125 | D:5      | Killed an ice beast
  3125 | D:5      | Reached skill level 5 in Maces & Flails
  3125 | D:5      | Reached skill level 5 in Armour
  3125 | D:5      | Reached XP level 6. HP: 44/53 MP: 5/5
  3224 | D:4      | Found a white marble altar of Elyvilon.
  3327 | D:4      | Reached skill level 5 in Shields
  3835 | D:4      | Reached XP level 7. HP: 59/60 MP: 6/6
  4356 | D:4      | Found a staircase to the Ecumenical Temple.
  4365 | Temple   | Entered the Ecumenical Temple
  4451 | Temple   | Became a worshipper of Warmaster Okawaru
  5004 | D:5      | Reached skill level 5 in Fighting
  5025 | D:5      | Found a runed translucent door.
  5026 | D:5      | Noticed Crazy Yiuf
  5034 | D:5      | Killed Crazy Yiuf
  5331 | D:5      | Found a stormy altar of Qazlal.
  5332 | D:5      | Noticed a fire elemental
  5336 | D:5      | Noticed Pikel
  5358 | D:5      | Killed Pikel
  5358 | D:5      | Reached * piety under Okawaru
  5358 | D:5      | Reached XP level 8. HP: 53/68 MP: 7/7
  5482 | D:5      | Noticed an air elemental
  5482 | D:5      | Noticed Menkaure
  5488 | D:5      | Killed Menkaure
  6023 | D:6      | Reached skill level 1 in Unarmed Combat
  6175 | D:6      | Reached ** piety under Okawaru
  6590 | D:6      | Reached skill level 1 in Stealth
  6590 | D:6      | Reached XP level 9. HP: 75/75 MP: 8/8
  6834 | D:6      | Found a shadowy altar of Dithmenos.
  7000 | D:7      | Found a flagged portal.
  7026 | Bailey   | Entered a bailey
  7442 | Bailey   | Noticed an orc knight
  7443 | Bailey   | Noticed an orc knight
  7456 | Bailey   | Mangled by an orc warrior

Illustrated notes

Levels and vault maps discovered:
D:1:      dpeg_arrival_rooms_b, layout_basic, serial_park_tiny_pond,
          serial_park_tiny_2
D:2:      layout_rooms
D:3:      layout_loops_cross, makhleb_blood_cavern_becter, uniq_terence,
          uniq_jessica
D:4:      layout_cave_pods, overflow_temple_1_default,
          minmay_temple_entry_drinking_statues, first_ration
D:5:      layout_basic, nicolae_qazlal_style_of_elements, uniq_pikel,
          uniq_crazy_yiuf_cottage, uniq_menkaure
D:6:      layout_basic, nicolae_dithmenos_the_darkroom, minivault_10
D:7:      layout_rooms, lemuel_coloured_pillars_altar, kennysheep_mini,
          enter_bailey_3, chequers_big_river, the_bakery, minmay_puff
Temple:   eino_temple_scatter_basement
Bailey:   bailey_polearm_5, bailey

Skill      XL: |  1  2  3  4  5  6  7  8  9 |
---------------+----------------------------+-----
Shields        | 4 5 6 7 |  7.0
Armour         | 4 5 6 8 |  8.1
Fighting       | 4 5 |  5.8
Maces & Flails | 3 4 5 6 7 8 |  8.9
Dodging        | 1 3 4 |  4.2
Unarmed Combat | 1 |  1.4
Stealth        | 1 |  1.3
Evocations     | |  0.5

Action                   |  1- 3 |  4- 6 |  7- 9 || total
-------------------------+-------+-------+-------++-------
Melee: Flail             |   104 |   123 |    58 ||   285
       Headbutt          |    12 |    26 |    32 ||    70
       Unarmed           |       |       |     4 ||     4
       Whip              |       |       |    97 ||    97
Evoke: Wand              |       |       |     8 ||     8
  Use: Scroll            |     9 |       |    11 ||    20
       Potion            |       |       |     2 ||     2
 Stab: Invisible         |       |       |     3 ||     3
  Eat: Chunk             |     3 |     6 |     5 ||    14
       Ration            |       |       |     2 ||     2
Armor: Scale mail        |    77 |    36 |    47 ||   160
       Chain mail        |       |       |     1 ||     1
Dodge: Dodged            |    55 |    36 |    52 ||   143
Block: Kite shield       |    64 |    56 |   106 ||   226
       Buckler           |     5 |       |       ||     5
